 Dungeon Crawl Stone Soup version 0.21.1-1-g345015f (webtiles) character file.

1790 Kuinu the Cleaver (level 8, -1/73 HPs)
             Began as a Minotaur Fighter on July 18, 2018.
             Was a Priest of Okawaru.
             Slain by an orc warrior
             ... wielding a +0 glaive
              (13 damage)
             ... on level 7 of the Dungeon.
             The game lasted 00:24:58 (5355 turns).

Kuinu the Cleaver (Minotaur Fighter)                Turns: 5355, Time: 00:24:59

Health: -1/73      AC: 11    Str: 28    XL:     8   Next: 82%
Magic:  7/7        EV:  5    Int:  5    God:    Okawaru [***...]
Gold:   283        SH: 17    Dex: 10    Spells: 7/7 levels left

rFire    . . .     SeeInvis .   a - +1 war axe
rCold    + . .     Gourm    .   m - +0 large shield
rNeg     . . .     Faith    .   I - +0 chain mail
rPois    .         Spirit   .   (helmet restricted)
rElec    .         Reflect  .   (no cloak)
rCorr    +         Harm     .   Q - +0 pair of gloves
MR       .....                  (no boots)
Stlth    ..........             (no amulet)
HPRegen  0.22/turn              w - ring of protection from cold
MPRegen  0.10/turn              g - ring of resist corrosion

@: mighty
A: retaliatory headbutt, horns 2
a: Heroism, Renounce Religion


You were on level 7 of the Dungeon.
You worshipped Okawaru.
Okawaru was most pleased with you.
You were not hungry.

You visited 1 branch of the dungeon, and saw 7 of its levels.

You collected 283 gold pieces.

Inventory:

Hand Weapons
 a - a +1 war axe (weapon)
 p - a +0 glaive of protection
 z - a +2 dagger of freezing
 D - the +4 trident of Compassion {flame, rElec rC++ rN+ Int-4, unknown}
   (You found it on level 4 of the Dungeon)

   It has been specially enchanted to burn those struck by it, causing extra
   injury to most foes and up to half again as much damage against particularly
   susceptible opponents.
   It affects your intelligence (-4).
   It greatly protects you from cold.
   It insulates you from electricity.
   It protects you from negative energy.
 E - a +0 arbalest
Missiles
 i - 8 steel tomahawks (quivered)
Armour
 b - a +0 scale mail
 c - a +0 shield
 j - a +0 shield
 m - a +0 large shield (worn)
 n - a +0 pair of gloves
 v - a +1 helmet
 I - a +0 chain mail (worn)
 Q - a +0 pair of gloves (worn)
Jewellery
 g - a ring of resist corrosion (right hand)
 w - a ring of protection from cold (left hand)
 y - an uncursed ring of fire
 L - an uncursed ring of ice {unknown}
Wands
 A - a wand of iceblast (8)
 B - a wand of random effects (58)
 P - a wand of flame (15)
Scrolls
 e - 3 scrolls of remove curse
 h - 2 scrolls of magic mapping
 k - 3 scrolls of teleportation
 l - a scroll of random uselessness
 r - 3 scrolls of enchant armour
 s - 2 scrolls of amnesia
 x - a scroll of enchant weapon
 F - a scroll of noise {unknown}
 G - 2 scrolls of fear {unknown}
 O - 2 scrolls of identify
Potions
 d - a potion of might
 o - a potion of resistance
 q - 2 potions of brilliance {unknown}
 t - 2 potions of mutation {unknown}
 C - a potion of cancellation {unknown}
 H - 3 potions of flight {unknown}
 J - 2 potions of invisibility {unknown}
 K - a potion of lignification
 M - a potion of agility {unknown}
 N - a potion of degeneration {unknown}
Comestibles
 f - 15 rations


   Skills:
 + Level 7.1 Fighting
 * Level 8.9 Axes
 + Level 7.1 Armour
 + Level 7.1 Shields


You had 7 spell levels left.
You didn't know any spells.

Dungeon Overview and Level Annotations

Branches:
Dungeon (7/15)             Temple (0/1) D:5

Altars:
Ashenzari
Dithmenos
Hepliaklqana
Kikubaaqudgha
Okawaru
Qazlal
Ru


Innate Abilities, Weirdness & Mutations

You reflexively headbutt those who attack you in melee.
You have a pair of horns on your head.


Message History

You block the orc priest's attack.
You feel better. You block the orc warrior's attack.
The orc priest barely misses you.
You feel better. You block the orc warrior's attack.
The orc priest barely misses you. You furiously retaliate!
You headbutt the orc priest. You barely miss the orc priest.
The orc priest is almost dead.
You block the orc warrior's attack. The orc priest hits you with a mace.
* * * LOW HITPOINT WARNING * * *
You closely miss the orc priest.
The orc priest is almost dead.
You block the orc warrior's attack. You block the orc priest's attack.
You slash the orc priest!
You kill the orc priest!
Okawaru accepts your kill.
You feel very mighty all of a sudden.
The orc warrior hits you but does no damage.
The orc warrior hits you with a glaive!
You die...

... ... .. ..# ... ...
..## ##. ...
......#####..###...
...
....................
..........
............
##.........##.........
###.......##....o.#
#.............)@#
##..........)()..#
............))..##
...........(...^#
...............##
...............#
...............#
...............#
###..............


You could see an orc warrior.

Vanquished Creatures
  Grinder (D:4)
  2 water moccasins
  An ice beast (D:6)
  An orc warrior (D:6)
  2 phantoms
  A centaur (D:6)
  2 necrophages
  Blork the orc (D:4)
  A bullfrog (D:7)
  2 centaur zombies
  A bullfrog skeleton (D:4)
  3 orc priests
  A jelly (D:6)
  4 orc wizards
  Ijyb (D:4)
  4 worker ants
  A hound zombie (D:5)
  A hound skeleton (D:6)
  3 gnolls (D:4)
  5 adders
  A worm (D:2)
  A dart slug (D:3)
  3 leopard geckos
  19 orcs
  3 ball pythons
  5 giant cockroaches
  13 hobgoblins
  15 kobolds
  2 quokkas
  4 bats
  6 frilled lizards
  8 goblins
  A jackal zombie (D:6)
  4 rats
  2 rat zombies (D:6)
125 creatures vanquished.

Vanquished Creatures (others)
  5 fungi (D:6)
5 creatures vanquished.

Grand Total: 130 creatures vanquished

Notes
Turn   | Place    | Note
-------+----------+-------------------------------------------
     0 | D:1      | Kuinu the Minotaur Fighter began the quest for the Orb.
     0 | D:1      | Reached XP level 1. HP: 19/19 MP: 0/0
   583 | D:1      | Reached XP level 2. HP: 27/27 MP: 1/1
   708 | D:2      | Reached skill level 3 in Axes
   870 | D:2      | Reached XP level 3. HP: 32/33 MP: 2/2
  1555 | D:3      | Reached XP level 4. HP: 40/40 MP: 3/3
  1573 | D:3      | Found a hazy altar of Hepliaklqana.
  1641 | D:3      | Found a shattered altar of Ashenzari.
  1751 | D:3      | Found an iron altar of Okawaru.
  1760 | D:3      | Became a worshipper of Warmaster Okawaru
  2061 | D:4      | Reached skill level 4 in Axes
  2065 | D:4      | Noticed Blork the orc
  2065 | D:4      | Noticed Ijyb
  2072 | D:4      | Killed Ijyb
  2079 | D:4      | Reached XP level 5. HP: 21/47 MP: 4/4
  2471 | D:4      | Got a polished trident
  2518 | D:4      | Killed Blork the orc
  2518 | D:4      | Reached * piety under Okawaru
  2518 | D:4      | Reached skill level 5 in Axes
  2570 | D:4      | Reached XP level 6. HP: 33/55 MP: 5/5
  2639 | D:4      | Reached skill level 5 in Fighting
  2639 | D:4      | Reached skill level 5 in Shields
  2644 | D:4      | Reached skill level 5 in Armour
  2935 | D:4      | Noticed Grinder
  2948 | D:4      | Killed Grinder
  2948 | D:4      | Reached skill level 6 in Axes
  2948 | D:4      | Reached XP level 7. HP: 21/61 MP: 6/6
  3188 | D:4      | Found a shadowy altar of Dithmenos.
  3331 | D:5      | Entered Level 5 of the Dungeon
  3375 | D:5      | Found a sacrificial altar of Ru.
  3495 | D:5      | Reached ** piety under Okawaru
  3673 | D:5      | Found a staircase to the Ecumenical Temple.
  4160 | D:6      | Reached skill level 7 in Axes
  4438 | D:6      | Reached XP level 8. HP: 63/70 MP: 7/7
  4580 | D:6      | Found a stormy altar of Qazlal.
  4732 | D:6      | Found an ancient bone altar of Kikubaaqudgha.
  4768 | D:6      | Found an iron altar of Okawaru.
  4990 | D:6      | Reached skill level 8 in Axes
  5154 | D:7      | Reached *** piety under Okawaru
  5348 | D:7      | HP: 1/73 [orc warrior/glaive (18)]
  5355 | D:7      | Slain by an orc warrior

Skill      XL: |  1  2  3  4  5  6  7  8 |
---------------+-------------------------+-----
Axes           | 3 4 5 6 7 8 |  8.9
Shields        | 4 5 6 7 |  7.1
Armour         | 4 5 6 7 |  7.1
Fighting       | 4 5 6 7 |  7.1

Action                   |  1- 3 |  4- 6 |  7- 9 || total
-------------------------+-------+-------+-------++-------
Melee: War axe           |    90 |   105 |   124 ||   319
       Headbutt          |    11 |    15 |    23 ||    49
Invok: Heroism           |       |       |     1 ||     1
  Use: Scroll            |       |    13 |     1 ||    14
       Potion            |       |     4 |     3 ||     7
  Eat: Chunk             |     1 |     2 |       ||     3
       Ration            |     1 |       |     3 ||     4
Armor: Scale mail        |    39 |    30 |       ||    69
       Skin              |       |     4 |       ||     4
       Chain mail        |       |       |    60 ||    60
Dodge: Dodged            |    15 |    23 |    15 ||    53
Block: Shield            |     6 |       |       ||     6
       Large shield      |    58 |   104 |    95 ||   257
